[Event "ICC tourney 2067 (45 10)"]
[Site "Internet Chess Club"]
[Date "2020.10.17"]
[Round "4"]
[White "AJ2000"]
[Black "DanielA1926"]
[Result "1-0"]
[ICCResult "Black resigns"]
[WhiteElo "1647"]
[BlackElo "1513"]
[Opening "Sicilian: Prins (Moscow) variation"]
[ECO "B55"]
[NIC "SI.01"]
[Time "18:32:19"]
[TimeControl "2700+10"]

1. e4 c5 2. Nf3 d6 3. d4 cxd4 4. Nxd4 Nf6 5. f3 a6 6. c4 e6 7. Nc3 Be7 8.
Be3 O-O 9. Be2 Nbd7 10. O-O Qc7 11. Qd2 Rd8 12. Rfd1 Nb6 13. Rac1 Nfd7 14.
a4 Nc5 15. a5 Nbd7 16. b4 e5 17. Nd5 Qb8 18. Nxe7+ Kf8 19. Nxc8 exd4 20.
bxc5 dxe3 21. Qxd6+ Qxd6 22. Nxd6 Nxc5 23. Rd5 Nb3 24. Rb1 Nd2 25. Rxb7 Rab8
26. h4 Rxb7 27. Nxb7 Rxd5 28. cxd5 Ke7 29. Bxa6 Nb1 30. Bd3 Nc3 31. a6 Na4
32. a7 Nb6 33. Bb5 Kf6 34. d6 e2 35. Kf2 {Black resigns} 1-0

[Event "ICC tourney 2067 (45 10)"]
[Site "Internet Chess Club"]
[Date "2020.10.17"]
[Round "4"]
[White "Khammurabi"]
[Black "VincentT2008"]
[Result "1-0"]
[ICCResult "Black resigns"]
[WhiteElo "1560"]
[BlackElo "1777"]
[Opening "Vienna gambit"]
[ECO "C25"]
[NIC "VG.04"]
[Time "18:32:04"]
[TimeControl "2700+10"]

1. e4 e5 2. Nc3 Nc6 3. f4 exf4 4. g3 fxg3 5. hxg3 Bc5 6. Nge2 Qf6 7. Rh2 Ne5
8. Nf4 Nc6 9. Nfd5 Qd8 10. d3 Nge7 11. Bg5 d6 12. Qf3 Be6 13. Nf4 Ne5 14.
Qd1 Bg4 15. Be2 Bxe2 16. Qxe2 Qd7 17. Bxe7 Qxe7 18. O-O-O O-O-O 19. d4 Qg5
20. dxc5 d5 21. exd5 Rhe8 22. c6 Nxc6 23. Qg2 Ne5 24. Kb1 Nc4 25. Qh3+ Kb8
26. Qh4 Qf5 27. Ng2 Qf3 28. Qxc4 Rd7 29. Qf4 Qxd5 30. Nxd5 {Black resigns}
1-0

[Event "ICC tourney 2067 (45 10)"]
[Site "Internet Chess Club"]
[Date "2020.10.17"]
[Round "4"]
[White "runtilmorrow1"]
[Black "ScoutViolet"]
[Result "1-0"]
[ICCResult "Black resigns"]
[WhiteElo "1988"]
[BlackElo "1634"]
[Opening "Ruy Lopez: modern Steinitz defense, 5.O-O"]
[ECO "C72"]
[NIC "RL.10"]
[Time "18:31:54"]
[TimeControl "2700+10"]

1. e4 e5 2. Nf3 Nc6 3. Bb5 a6 4. Ba4 d6 5. O-O Bd7 6. c3 g6 7. d4 Bg7 8. Be3
Nge7 9. Nbd2 O-O 10. h3 h6 11. Re1 f5 12. Nf1 fxe4 13. N3h2 exd4 14. cxd4 d5
15. Ng3 b5 16. Bb3 Na5 17. Nxe4 Nc4 18. Nc5 Nf5 19. Bxc4 dxc4 20. Ng4 Re8
21. Qf3 Nxe3 22. Nxe3 Be6 23. Rad1 Qc8 24. d5 Bf7 25. Ng4 h5 26. Nf6+ Bxf6
27. Qxf6 Rxe1+ 28. Rxe1 Qd8 29. Re7 Qxd5 30. Ne6 {Black resigns} 1-0

[Event "ICC tourney 2067 (45 10)"]
[Site "Internet Chess Club"]
[Date "2020.10.17"]
[Round "4"]
[White "saikanth"]
[Black "raremystery"]
[Result "1-0"]
[ICCResult "Black checkmated"]
[WhiteElo "1757"]
[BlackElo "1674"]
[Opening "Queen's pawn, Mason variation"]
[ECO "D00"]
[NIC "QP.08"]
[Time "18:31:52"]
[TimeControl "2700+10"]

1. d4 d5 2. Bf4 Nf6 3. e3 e6 4. Bd3 c5 5. c3 Nc6 6. Nd2 Be7 7. Ngf3 Qb6 8.
Rb1 O-O 9. O-O Nh5 10. Bg5 Bxg5 11. Nxg5 Nf6 12. h3 h6 13. Ngf3 Re8 14. Ne5
Qc7 15. f4 a6 16. g4 c4 17. Bc2 Nh7 18. h4 Nxe5 19. fxe5 Qe7 20. Qe1 g5 21.
Bxh7+ Kxh7 22. Rf6 Rg8 23. Qf2 Rg7 24. hxg5 hxg5 25. Kg2 Kg8 26. Rh1 Kf8 27.
Rh8+ Rg8 28. Rxg8+ Kxg8 29. Nf3 Bd7 30. Nxg5 Rf8 31. Qh4 Rd8 32. Qh7+ Kf8
33. Qh8# {Black checkmated} 1-0

[Event "ICC tourney 2067 (45 10)"]
[Site "Internet Chess Club"]
[Date "2020.10.17"]
[Round "4"]
[White "castle2king"]
[Black "Niteshc"]
[Result "1-0"]
[ICCResult "Black checkmated"]
[WhiteElo "1578"]
[BlackElo "1627"]
[Opening "Caro-Kann: exchange variation"]
[ECO "B13"]
[NIC "CK.02"]
[Time "18:31:52"]
[TimeControl "2700+10"]

1. e4 c6 2. d4 d5 3. exd5 cxd5 4. Bd3 Nc6 5. c3 Nf6 6. h3 g6 7. Qc2 Bg7 8.
Nf3 O-O 9. O-O Re8 10. Re1 Qc7 11. Ne5 Nxe5 12. Rxe5 Qd6 13. Re1 Nd7 14. Bd2
b6 15. Na3 a6 16. Re2 Bb7 17. Rae1 Rac8 18. g3 e5 19. Kg2 Red8 20. dxe5 Nxe5
21. Bf4 d4+ 22. Kf1 Qc6 23. Be4 Qd7 24. Bxe5 Bxe5 25. Bxb7 Qxb7 26. Qe4 Qxe4
27. Rxe4 Bf6 28. cxd4 Rxd4 29. Rxd4 Bxd4 30. b3 b5 31. Nb1 Rc2 32. Re2 Rxe2
33. Kxe2 Kf8 34. f3 Ke7 35. Kd3 Bf2 36. g4 Kd6 37. Nc3 f5 38. Nd1 Bc5 39.
Nc3 Bb4 40. Ne2 Bc5 41. Nc3 Ke5 42. Ne2 h5 43. gxh5 gxh5 44. f4+ Kd5 45. Ng3
Ke6 46. Nxh5 Kf7 47. Ng3 Kg6 48. Ke2 Bg1 49. Kf3 Bh2 50. Ne2 Kh5 51. Kg2
Bxf4 52. Nxf4+ Kg5 53. Kg3 b4 54. h4+ Kh6 55. Nd5 a5 56. Kf4 Kh5 57. Kxf5
Kxh4 58. Ne7 Kg3 59. Nc6 Kf3 60. Nxa5 Ke3 61. Ke5 Kd3 62. Kd5 Kc3 63. Kc5
Kb2 64. Kxb4 Kxa2 65. Nc4 Kb1 66. Kc3 Kc1 67. b4 Kd1 68. b5 Ke2 69. b6 Kf3
70. b7 Ke2 71. b8=Q Kd1 72. Qb2 Ke1 73. Kd3 Kf1 74. Ne3+ Kg1 75. Qg2#
{Black checkmated}
1-0

[Event "ICC tourney 2067 (45 10)"]
[Site "Internet Chess Club"]
[Date "2020.10.17"]
[Round "4"]
[White "KittiesRock18"]
[Black "meghna"]
[Result "0-1"]
[ICCResult "White resigns"]
[WhiteElo "1549"]
[BlackElo "1968"]
[Opening "French: Two knights variation"]
[ECO "C00"]
[NIC "FR.01"]
[Time "18:31:53"]
[TimeControl "2700+10"]

1. e4 e6 2. Nf3 d5 3. Nc3 Nf6 4. e5 Nfd7 5. d4 c5 6. dxc5 Bxc5 7. Na4 Bb4+
8. c3 Ba5 9. b4 Bc7 10. Bg5 f6 11. exf6 Nxf6 12. Bd3 O-O 13. O-O e5 14. Qb3
Kh8 15. Rfd1 Bg4 16. Be4 Qe8 17. Bxd5 Nxd5 18. Rxd5 Bxf3 19. gxf3 Qg6 20. h4
h6 21. Qc4 Nc6 22. b5 Ne7 23. Rd7 hxg5 24. Rxe7 gxh4+ 25. Kf1 Bd8 26. Rxe5
Bf6 27. Rd5 h3 28. Qg4 Qxg4 29. fxg4 g6 30. Rd3 Bg5 31. Rxh3+ Kg7 32. Rd1
Rad8 33. Rhd3 Rde8 34. f3 Rh8 35. Rd7+ Kf6 36. R7d6+ Ke5 37. Kg2 Kf4 38.
R6d4+ Ke5 39. f4+ Bxf4 40. Re1+ Kf6 41. Re7 Rxe7 42. Rxf4+ Kg5 43. Rc4 Re2+
44. Kg3 Rhe8 45. Rc5+ Kh6 46. g5+ Kh5 47. Rd5 R8e3+ 48. Kf4 Re4+ 49. Kf3
R2e3+ 50. Kf2 Kg4 51. Rd4 Re2+ 52. Kf1 Kf3 53. Rxe4 Rxe4 54. Nc5 Rc4 55.
Nxb7 Rxc3 56. Ke1 Ra3 57. Kd2 Kg4 58. Nd6 Kxg5 {White resigns} 0-1

[Event "ICC tourney 2067 (45 10)"]
[Site "Internet Chess Club"]
[Date "2020.10.17"]
[Round "4"]
[White "awakeflood"]
[Black "mnm2"]
[Result "1-0"]
[ICCResult "Black checkmated"]
[WhiteElo "1772"]
[BlackElo "1293"]
[Opening "Sicilian"]
[ECO "B56"]
[NIC "SI.25"]
[Time "18:32:35"]
[TimeControl "2700+10"]

1. e4 c5 2. Nf3 d6 3. d4 cxd4 4. Nxd4 Nf6 5. Nc3 Nc6 6. f3 e5 7. Nb3 Be6 8.
Be3 Be7 9. Qd2 O-O 10. O-O-O Bxb3 11. cxb3 Rc8 12. Kb1 a6 13. g4 b5 14. h4
b4 15. Nd5 Nxd5 16. exd5 Nb8 17. Bd3 g6 18. g5 a5 19. h5 Qd7 20. Qh2 f6 21.
hxg6 h5 22. Qxh5 Bd8 23. Qh8# {Black checkmated} 1-0

[Event "ICC tourney 2067 (45 10)"]
[Site "Internet Chess Club"]
[Date "2020.10.17"]
[Round "4"]
[White "mnm1"]
[Black "JGroder"]
[Result "1/2-1/2"]
[ICCResult "Game drawn because neither player has mating material"]
[WhiteElo "1352"]
[BlackElo "1737"]
[Opening "Sicilian: Prins (Moscow) variation"]
[ECO "B55"]
[NIC "SI.01"]
[Time "18:32:05"]
[TimeControl "2700+10"]

1. e4 c5 2. Nf3 d6 3. d4 cxd4 4. Nxd4 Nf6 5. f3 Nc6 6. Be3 e5 7. Nb3 Be6 8.
c4 Na5 9. Nxa5 Qxa5+ 10. Qd2 Qxd2+ 11. Bxd2 Nd7 12. Nc3 O-O-O 13. Rc1 Kb8
14. Nd5 b6 15. Be2 Kb7 16. b4 Nb8 17. Be3 Nc6 18. a3 Rc8 19. Kf2 Ne7 20. h4
Nxd5 21. cxd5 Rxc1 22. Rxc1 Bd7 23. h5 Be7 24. Bd1 Rc8 25. Rxc8 Kxc8 26. a4
Kb7 27. b5 Bh4+ 28. g3 Be7 29. Ke2 g6 30. h6 f5 31. Kd3 g5 32. Bc2 f4 33.
gxf4 gxf4 34. Bf2 Bg5 35. Kc4 Bxh6 36. Bh4 Bf8 37. Bd8 Kc8 38. Bh4 Bh3 39.
Bd1 Bf1+ 40. Kb4 Kd7 41. a5 Be7 42. Bf2 Bd8 43. axb6 Bxb6 44. Bh4 h5 45. Ka4
a6 46. bxa6 Bxa6 47. Kb4 Bc5+ 48. Ka5 Bc4 49. Ba4+ Kc7 50. Be8 Be3 51. Bxh5
Bd2+ 52. Ka4 Kb6 53. Bd8+ Kc5 54. Ka3 Bb4+ 55. Kb2 Bxd5 56. exd5 Kxd5 57.
Kb3 Bc5 58. Kc3 e4 59. Kd2 exf3 60. Bxf3+ Ke6 61. Kd3 d5 62. Bc7 Bd6 63.
Bxd6 Kxd6 64. Kd4 Ke6 65. Bxd5+ Kf5 66. Bf3 Kg5 67. Ke4 Kf6 68. Kxf4
{Game drawn because neither player has mating material}
1/2-1/2

[Event "ICC tourney 2067 (45 10)"]
[Site "Internet Chess Club"]
[Date "2020.10.17"]
[Round "4"]
[White "Luc2008"]
[Black "tcrgm"]
[Result "1-0"]
[ICCResult "Black checkmated"]
[WhiteElo "1700"]
[BlackElo "1593"]
[Opening "French: Schlechter variation"]
[ECO "C01"]
[NIC "FR.01"]
[Time "18:31:53"]
[TimeControl "2700+10"]

1. e4 e6 2. d4 d5 3. Bd3 c5 4. c3 Nc6 5. Nf3 cxd4 6. cxd4 Qb6 7. Nc3 Bd7 8.
exd5 Nxd4 9. Nxd4 Qxd4 10. dxe6 Qe5+ 11. Qe2 Qxe6 12. Qxe6+ Bxe6 13. Bb5+
Kd8 14. Bf4 Bb4 15. O-O-O+ Ke7 16. Nd5+ Bxd5 17. Rxd5 Rc8+ 18. Kb1 Nf6 19.
Re5+ Kd6 20. Rd1+ Kc7 21. Re4+ Kb6 22. Rxb4 Ka5 23. Rb3 a6 24. Bd2+ Kb6 25.
Bd7+ Ka7 26. Bxc8 Rxc8 27. Rc1 Rxc1+ 28. Kxc1 Ne4 29. Be3+ Kb8 30. Rd3 Kc8
31. Bb6 Nxf2 32. Rd8# {Black checkmated} 1-0

[Event "ICC tourney 2067 (45 10)"]
[Site "Internet Chess Club"]
[Date "2020.10.17"]
[Round "4"]
[White "SunnyCountry"]
[Black "michaelxiao"]
[Result "0-1"]
[ICCResult "White checkmated"]
[WhiteElo "1338"]
[BlackElo "1345"]
[Opening "French: advance, Paulsen attack"]
[ECO "C02"]
[NIC "FR.03"]
[Time "18:31:59"]
[TimeControl "2700+10"]

1. e4 e6 2. d4 d5 3. e5 c5 4. c3 Nc6 5. Nf3 Qb6 6. a3 c4 7. Be2 Na5 8. Nbd2
Bd7 9. O-O Ne7 10. Re1 Qc7 11. Rb1 b5 12. Nf1 Nb3 13. Be3 h6 14. Ng3 Ng6 15.
Nd2 Nxd2 16. Qxd2 Be7 17. Nh5 Rg8 18. h3 Nh4 19. Kh1 Nf5 20. Bf4 g5 21. Bh2
Qd8 22. Bg4 Kf8 23. Ng3 a5 24. Qc2 Nxg3+ 25. Bxg3 Rh8 26. Qe2 Rb8 27. Qf3 b4
28. axb4 axb4 29. Bh5 Qe8 30. Qg4 bxc3 31. bxc3 Rxb1 32. Rxb1 Kg7 33. h4 Ba4
34. Kg1 Bc2 35. Rc1 Bf5 36. Qf3 gxh4 37. Bf4 Rg8 38. Qe3 Rh8 39. Kh2 Qg8 40.
Rg1 f6 41. g3 h3 42. g4 Bg6 43. Qxh3 Qf7 44. Bxg6 Qxg6 45. Qe3 h5 46. g5 f5
47. Rb1 Ra8 48. Rb7 Kf7 49. Rb2 Ra1 50. Kg2 h4 51. Kh2 Qh5 52. Qe2 Qxe2 53.
Rxe2 Ra3 54. Re3 Kg6 55. Kh3 Bxg5 56. Bxg5 Kxg5 57. Kg2 Kg4 58. Rh3 Ra2 59.
Rf3 Rc2 60. Rh3 Rxf2+ 61. Kxf2 Kxh3 62. Kf3 Kh2 63. Kf2 h3 64. Kf3 Kg1 65.
Kg3 h2 66. Kf3 h1=Q+ 67. Kf4 Qh4+ 68. Kf3 Qg4+ 69. Ke3 Qd1 70. Kf4 Qg4+ 71.
Ke3 Kf1 72. Kd2 Qe2+ 73. Kc1 Kf2 74. Kb1 Ke3 75. Kc1 Kd3 76. Kb1 Kxc3 77.
Ka1 Qb2# {White checkmated} 0-1

[Event "ICC tourney 2067 (45 10)"]
[Site "Internet Chess Club"]
[Date "2020.10.17"]
[Round "4"]
[White "kavyameiyappan"]
[Black "sillytiger"]
[Result "1-0"]
[ICCResult "Black resigns"]
[WhiteElo "1638"]
[BlackElo "1345"]
[Opening "Sicilian: O'Kelly variation"]
[ECO "B28"]
[NIC "SI.43"]
[Time "18:31:56"]
[TimeControl "2700+10"]

1. e4 c5 2. Nf3 a6 3. c3 d5 4. exd5 Qxd5 5. Be2 Nf6 6. O-O Nc6 7. d3 e6 8.
Nbd2 Bd6 9. Nc4 Bc7 10. Ne3 Qd8 11. b3 O-O 12. Bb2 b5 13. c4 Bb7 14. d4 cxd4
15. Nxd4 Qd6 16. Nf3 Qf4 17. Qc1 Nd4 18. Bxd4 Bxf3 19. g3 Qe4 20. Bxf3 Qxf3
21. Bxf6 Qxf6 22. cxb5 axb5 23. Qxc7 h5 24. Qc2 h4 25. Qe2 hxg3 26. fxg3 Qd4
27. Rad1 Qb6 28. Rd2 f5 29. Kh1 f4 30. Rxf4 Rxf4 31. gxf4 Qc6+ 32. Qg2 Qc8
33. Rc2 Qe8 34. Rc7 Qf8 35. Qg6 Ra6 36. Nf5 Qa8+ 37. Kg1 {Black resigns} 1-0

[Event "ICC tourney 2067 (45 10)"]
[Site "Internet Chess Club"]
[Date "2020.10.17"]
[Round "4"]
[White "adwaysane"]
[Black "landonp"]
[Result "1-0"]
[ICCResult "Black resigns"]
[WhiteElo "1696"]
[BlackElo "1345"]
[Opening "King's Indian: East Indian defense"]
[ECO "A48"]
[NIC "QP.06"]
[Time "18:31:56"]
[TimeControl "2700+10"]

1. d4 Nf6 2. Nf3 g6 3. Nc3 d5 4. Bf4 Bg7 5. e3 O-O 6. Bd3 c5 7. O-O c4 8.
Be2 Nc6 9. h3 Bf5 10. g4 Be6 11. Kg2 Qd7 12. Rh1 Rac8 13. Ne5 Qd8 14. g5 Nd7
15. Nxc6 Rxc6 16. h4 Bf5 17. Bg4 Bxg4 18. Qxg4 e5 19. dxe5 Nxe5 20. Bxe5
Bxe5 21. Rad1 f5 22. gxf6 Rcxf6 23. f4 Bxf4 24. exf4 Rxf4 25. Qe6+ Kg7 26.
Rdf1 Rxh4 27. Rxh4 Qxh4 28. Rxf8 Kxf8 29. Qc8+ Kg7 30. Qxb7+ Kh6 31. Qxd5
Qg4+ 32. Kf2 Qf4+ 33. Qf3 Qh2+ 34. Qg2 Qh4+ 35. Qg3 Qd4+ 36. Kg2 Qd2+ 37.
Qf2 Qg5+ 38. Kh2 Qh5+ 39. Kg1 Qg5+ 40. Kh1 Qh5+ 41. Qh2 Qxh2+ 42. Kxh2 Kg5
43. Ne4+ Kf5 44. Nd6+ Kg4 45. Nxc4 h5 46. Nd6 h4 47. c4 g5 48. c5 Kf3 49.
Nf5 Kf4 50. Nxh4 gxh4 51. c6 Ke5 52. c7 {Black resigns} 1-0

[Event "ICC tourney 2067 (45 10)"]
[Site "Internet Chess Club"]
[Date "2020.10.17"]
[Round "4"]
[White "Joshua1"]
[Black "chessboy2020"]
[Result "1-0"]
[ICCResult "Black checkmated"]
[WhiteElo "1851"]
[BlackElo "1617"]
[Opening "King's Indian: 4.e4"]
[ECO "E70"]
[NIC "KI.52"]
[Time "18:31:57"]
[TimeControl "2700+10"]

1. d4 Nf6 2. c4 g6 3. Nc3 Bg7 4. e4 O-O 5. Nge2 d6 6. f3 e5 7. dxe5 dxe5 8.
Qxd8 Rxd8 9. Nd5 Rd7 10. Bg5 Nxd5 11. cxd5 f6 12. Be3 Na6 13. Nc3 b6 14. Bb5
Rd8 15. Bc6 Rb8 16. a3 Bd7 17. Bxd7 Rxd7 18. b4 Bf8 19. Rc1 f5 20. Ke2 f4
21. Bf2 g5 22. Nb5 Rb7 23. Rc2 Bd6 24. h4 h6 25. hxg5 hxg5 26. Rh5 Rg7 27.
Nxd6 cxd6 28. Rh6 g4 29. Rxd6 g3 30. Bg1 Rbc7 31. Rdc6 Kf8 32. b5 Rxc6 33.
Rxc6 Nc7 34. a4 Ke8 35. Bxb6 axb6 36. Rxb6 Rh7 37. Rc6 Kd8 38. b6 Na8 39. a5
Rh2 40. b7 Rxg2+ 41. Kd3 Nc7 42. b8=Q+ Ke7 43. Qxc7+ Kf8 44. Qb8+ Ke7 45.
Qb7+ Kf8 46. Rc8# {Black checkmated} 1-0

[Event "ICC tourney 2067 (45 10)"]
[Site "Internet Chess Club"]
[Date "2020.10.17"]
[Round "4"]
[White "Deveshc"]
[Black "LoopyLoop"]
[Result "0-1"]
[ICCResult "White checkmated"]
[WhiteElo "1494"]
[BlackElo "1619"]
[Opening "Sicilian: Smith-Morra gambit"]
[ECO "B21"]
[NIC "SI.47"]
[Time "18:32:06"]
[TimeControl "2700+10"]

1. e4 c5 2. d4 cxd4 3. c3 Nf6 4. e5 Nd5 5. cxd4 Nc6 6. Nf3 e6 7. Bc4 Nb6 8.
Bb3 d6 9. exd6 Bxd6 10. O-O O-O 11. Be3 Bd7 12. Qe2 Ne7 13. Nc3 Rc8 14. Rac1
Bc6 15. Rfd1 Ned5 16. Bc2 Nb4 17. Bb1 Qf6 18. a3 Bxf3 19. Qxf3 Qxf3 20. gxf3
N4d5 21. Nb5 Bb8 22. Kh1 a6 23. Nc3 Bd6 24. Rg1 Kh8 25. Rg2 Nxc3 26. bxc3
Bxa3 27. Rcg1 g6 28. Bd2 Kg7 29. Rg3 Bb2 30. Rh3 Kg8 31. f4 Nc4 32. Be1 Nb6
33. Bd2 Nd5 34. Rgg3 Rc7 35. Ba2 Rfc8 36. Bxd5 exd5 37. f5 a5 38. f6 a4 39.
Rxh7 Rxc3 40. Rg7+ Kf8 41. Bxc3 Rxc3 42. Rh7 Kg8 43. Rg7+ Kf8 44. Rh7 Ke8
45. Rh8+ Kd7 46. Rxc3 Bxc3 47. Ra8 b5 48. Ra7+ Ke6 49. Ra6+ Kf5 50. Rd6 a3
51. Rxd5+ Ke6 52. Rxb5 a2 53. Rb6+ Kf5 54. Rb5+ Kxf6 55. Rb6+ Kg7 56. Ra6
a1=Q+ 57. Rxa1 Bxa1 58. d5 Kf6 59. Kg2 Ke5 60. Kf3 Kxd5 61. Kg4 Ke6 62. f4
Bd4 63. h4 Bg7 64. Kg5 Kd5 65. f5 gxf5 66. Kxf5 Kd6 67. h5 Ke7 68. Kg5 Kf8
69. h6 Bc3 70. Kf5 Kg8 71. Kg5 Kh7 72. Kh5 Bd2 73. Kg4 Kxh6 74. Kf5 Kg7 75.
Kg4 Kf6 76. Kf3 Kg5 77. Ke2 Bc3 78. Kf3 f5 79. Kg2 Kg4 80. Kf2 f4 81. Kg2
f3+ 82. Kf2 Bd4+ 83. Ke1 Kg3 84. Kf1 f2 85. Ke2 Kg2 86. Kd3 Ba7 87. Ke2
f1=Q+ 88. Kd2 Qf2+ 89. Kc3 Bd4+ 90. Kc4 Qe3 91. Kd5 Qe5+ 92. Kc4 Bc3 93. Kb3
Qd4 94. Kc2 Qd2+ 95. Kb3 Bb4 96. Ka4 Bf8 97. Kb5 Qd4 98. Kc6 Qe5 99. Kb6 Qd5
100. Ka7 Qc6 101. Kb8 Bd6+ 102. Ka7 Qb5 103. Ka8 Qb8# {White checkmated} 0-1

[Event "ICC tourney 2067 (45 10)"]
[Site "Internet Chess Club"]
[Date "2020.10.17"]
[Round "4"]
[White "orwind"]
[Black "fascimate"]
[Result "1/2-1/2"]
[ICCResult "Game drawn by mutual agreement"]
[WhiteElo "1505"]
[BlackElo "1698"]
[Opening "Sicilian"]
[ECO "B50"]
[NIC "SI.01"]
[Time "18:31:53"]
[TimeControl "2700+10"]

1. e4 c5 2. Nf3 d6 3. Nc3 Nf6 4. e5 dxe5 5. Nxe5 Nbd7 6. Nxd7 Bxd7 7. Be2 e6
8. O-O a6 9. d3 Bd6 10. Bg5 Bb8 11. Bf3 Qc7 12. g3 Qb6 13. Rb1 h6 14. Be3
Qc7 15. Re1 Qc8 16. Bg2 Bd6 17. Ne4 Nxe4 18. dxe4 Qc7 19. Qd2 Rd8 20. Rbd1
Bc6 21. Qc1 Qe7 22. Rd2 O-O 23. Red1 Bc7 24. Rxd8 Rxd8 25. Rxd8+ Bxd8 26.
Qd2 Bc7 27. c3 e5 28. Qd3 Qd6 29. Qxd6 Bxd6 30. f3 Bb5 31. Kf2 Kf8 32. f4 f6
33. fxe5 fxe5 34. Bd2 Ke7 35. Bf1 Bc6 36. Bd3 b5 37. Kf3 Bd7 38. Be3 Kf6 39.
g4 Be8 40. Kg3 Bc6 41. Kf3 {Game drawn by mutual agreement} 1/2-1/2

[Event "ICC tourney 2067 (45 10)"]
[Site "Internet Chess Club"]
[Date "2020.10.17"]
[Round "4"]
[White "aarm2008"]
[Black "SparkyNinja"]
[Result "1-0"]
[ICCResult "Black checkmated"]
[WhiteElo "1722"]
[BlackElo "1540"]
[Opening "Sicilian defense"]
[ECO "B20"]
[NIC "SI.48"]
[Time "18:31:53"]
[TimeControl "2700+10"]

1. e4 c5 2. a3 Nc6 3. b4 cxb4 4. axb4 d6 5. b5 Ne5 6. f4 Nd7 7. Nc3 Ngf6 8.
Nf3 e5 9. Bc4 Be7 10. f5 Qc7 11. d3 Nb6 12. Qe2 Nxc4 13. dxc4 h6 14. Nd5
Nxd5 15. exd5 Bxf5 16. Be3 b6 17. O-O Bg6 18. Ra6 O-O 19. Rfa1 Qb7 20. c3 f5
21. R1a4 f4 22. Bf2 e4 23. Nd4 e3 24. Be1 Bf6 25. Ne6 Rfe8 26. Qa2 Rxe6 27.
dxe6 Qc8 28. Rxb6 Qc5 29. Rc6 Qg5 30. c5 f3 31. Bh4 f2+ 32. Kf1 Qh5 33. Rxd6
Bxh4 34. Qe2 Qxe2+ 35. Kxe2 Rf8 36. Rd1 Bc2 37. Raa1 Bxd1+ 38. Rxd1 Re8 39.
g3 Bg5 40. h4 Bf6 41. Kxe3 f1=Q 42. Rxf1 Rxe6+ 43. Kd3 Re5 44. Kc4 Re3 45.
Rc1 Kf7 46. c6 Ke7 47. Rd1 Rxc3+ 48. Kb4 Ke6 49. Re1+ Kd6 50. g4 Kc7 51. g5
hxg5 52. hxg5 Bd4 53. Re7+ Kb6 54. Rb7# {Black checkmated} 1-0

[Event "ICC tourney 2067 (45 10)"]
[Site "Internet Chess Club"]
[Date "2020.10.17"]
[Round "4"]
[White "kevinsun"]
[Black "tricksterssbu"]
[Result "0-1"]
[ICCResult "White checkmated"]
[WhiteElo "1112"]
[BlackElo "1698"]
[Opening "Scotch: Potter variation"]
[ECO "C45"]
[NIC "SO.05"]
[Time "18:32:13"]
[TimeControl "2700+10"]

1. e4 e5 2. Nf3 Nc6 3. d4 exd4 4. Nxd4 Bc5 5. Nb3 Bb6 6. Nc3 Nf6 7. Qe2 O-O
8. Bg5 h6 9. Be3 Bxe3 10. Qxe3 Re8 11. f3 d6 12. O-O-O Be6 13. g4 Bxb3 14.
cxb3 Qe7 15. h4 Qe5 16. g5 Nh5 17. Nd5 Ne7 18. Nxe7+ Rxe7 19. Kb1 Qf4 20.
Qc3 hxg5 21. hxg5 Qxg5 22. Bc4 Qe5 23. Qc2 g6 24. Rdg1 Kf8 25. Qg2 Ree8 26.
Bxf7 Nf4 27. Qh2 Kxf7 28. Qh7+ Qg7 29. Qh4 Ne6 30. Qg4 Rh8 31. f4 Rxh1 32.
Rxh1 Rh8 33. Rf1 Ke7 34. Rf2 Kd8 35. Qxe6 Re8 36. Qd5 Kc8 37. Rg2 Qe7 38.
Re2 Qf6 39. Qd2 Kb8 40. e5 Qf5+ 41. Ka1 dxe5 42. fxe5 a6 43. Qe3 g5 44. e6
g4 45. e7 Qf3 46. Qd2 Kc8 47. a3 Qxb3 48. Re3 Qf7 49. Qe2 Qg7 50. Qc2 Rxe7
51. Qf5+ Kb8 52. Rd3 Qe5 53. Rd8+ Ka7 54. Qf2+ Qe3 55. Qf8 g3 56. Ra8+ Kb6
57. Qg8 Qe1+ 58. Ka2 Qe6+ 59. Qxe6+ Rxe6 60. Rg8 Re3 61. Kb1 Kc5 62. Kc2
Re2+ 63. Kd1 Rxb2 64. Rxg3 Kb6 65. Rc3 c6 66. Kc1 Rh2 67. Rb3+ Kc7 68. Rb4
b5 69. Kb1 Kb6 70. Ka1 c5 71. Re4 Ka5 72. Rf4 c4 73. Rf3 Ka4 74. Rf6 a5 75.
Rf5 Rh3 76. Rc5 Rxa3+ 77. Kb1 c3 78. Rxb5 Kxb5 79. Kc2 Kc4 80. Kc1 Ra2 81.
Kb1 Kb3 82. Kc1 Ra1# {White checkmated} 0-1

[Event "ICC tourney 2067 (45 10)"]
[Site "Internet Chess Club"]
[Date "2020.10.17"]
[Round "5"]
[White "amandapati"]
[Black "runtilmorrow1"]
[Result "1-0"]
[ICCResult "Black checkmated"]
[WhiteElo "1956"]
[BlackElo "1973"]
[Opening "Benkö gambit half accepted"]
[ECO "A57"]
[NIC "BI.43"]
[Time "21:02:06"]
[TimeControl "2700+10"]

1. d4 Nf6 2. c4 c5 3. d5 b5 4. cxb5 a6 5. e3 g6 6. Bd2 Bg7 7. Nc3 O-O 8. f4
Bb7 9. a4 e6 10. dxe6 fxe6 11. Nf3 d5 12. Ng5 Qe7 13. Bd3 d4 14. exd4 cxd4
15. Nce4 e5 16. Qb3+ Kh8 17. Bb4 Bd5 18. Bxe7 Bxb3 19. Bxf8 Bxf8 20. Nxf6
Bg7 21. fxe5 h6 22. Rc1 Bxf6 23. Rc8+ Kg7 24. Rc7+ Kg8 25. exf6 Nd7 26. O-O
hxg5 27. f7+ Kf8 28. Rxd7 Rc8 29. Bxg6 d3 30. Rxd3 Bxa4 31. Re3 Bxb5 32.
Re8+ Bxe8 33. fxe8=Q+ Kg7 34. Qe7+ Kxg6 35. Qf7+ Kh6 36. Rf6# {Black
checkmated} 1-0

[Event "ICC tourney 2067 (45 10)"]
[Site "Internet Chess Club"]
[Date "2020.10.17"]
[Round "5"]
[White "vrashank"]
[Black "saikanth"]
[Result "1/2-1/2"]
[ICCResult "Game drawn by mutual agreement"]
[WhiteElo "1915"]
[BlackElo "1716"]
[Opening "Queen's pawn, Mason variation"]
[ECO "D00"]
[NIC "QP.08"]
[Time "21:01:55"]
[TimeControl "2700+10"]

1. d4 d5 2. Bf4 Nf6 3. e3 g6 4. Be2 Bg7 5. h4 h5 6. Nc3 a6 7. Nf3 c5 8. Ne5
cxd4 9. exd4 Nc6 10. Qd2 Qb6 11. O-O-O Be6 12. f3 Rc8 13. Na4
{Game drawn by mutual agreement}
1/2-1/2

[Event "ICC tourney 2067 (45 10)"]
[Site "Internet Chess Club"]
[Date "2020.10.17"]
[Round "5"]
[White "raremystery"]
[Black "marinaxiao"]
[Result "1-0"]
[ICCResult "Black resigns"]
[WhiteElo "1684"]
[BlackElo "1427"]
[Opening "Sicilian: Pelikan, Chelyabinsk variation"]
[ECO "B33"]
[NIC "SI.37"]
[Time "21:01:49"]
[TimeControl "2700+10"]

1. e4 c5 2. Nf3 Nc6 3. d4 cxd4 4. Nxd4 Nf6 5. Nc3 e5 6. Ndb5 d6 7. Bg5 a6 8.
Na3 b5 9. Nd5 Be7 10. Bxf6 Bxf6 11. c3 O-O 12. Nc2 Bg5 13. h4 Bh6 14. g4 g6
15. g5 Bg7 16. Qf3 Ne7 17. Nf6+ Kh8 18. h5 Bxf6 19. Qxf6+ Kg8 20. h6 Nf5 21.
Qxd8 Rxd8 22. exf5 Bxf5 23. Ne3 Be4 24. Bg2 Bxg2 25. Nxg2 d5 26. O-O-O Rac8
27. Kb1 Rc4 28. Ne3 Rc5 29. b4 Rxc3 30. Nxd5 Rcc8 31. Ne7+ {Black resigns}
1-0

[Event "ICC tourney 2067 (45 10)"]
[Site "Internet Chess Club"]
[Date "2020.10.17"]
[Round "5"]
[White "tcrgm"]
[Black "castle2king"]
[Result "1-0"]
[ICCResult "Black checkmated"]
[WhiteElo "1619"]
[BlackElo "1544"]
[Opening "Giuoco Piano"]
[ECO "C54"]
[NIC "IG.02"]
[Time "21:01:48"]
[TimeControl "2700+10"]

1. e4 e5 2. Nf3 Nc6 3. Bc4 Bc5 4. c3 Nf6 5. d4 exd4 6. cxd4 Bb4+ 7. Bd2
Bxd2+ 8. Nbxd2 d5 9. exd5 Nxd5 10. Nb3 O-O 11. O-O Be6 12. Re1 Qd7 13. Nc5
Qc8 14. Ng5 Ne3 15. Qd3 Nxc4 16. Qxh7# {Black checkmated} 1-0

[Event "ICC tourney 2067 (45 10)"]
[Site "Internet Chess Club"]
[Date "2020.10.17"]
[Round "5"]
[White "WizardY"]
[Black "aarm2008"]
[Result "0-1"]
[ICCResult "White checkmated"]
[WhiteElo "1440"]
[BlackElo "1696"]
[Opening "Caro-Kann: advance variation"]
[ECO "B12"]
[NIC "CK.02"]
[Time "21:01:55"]
[TimeControl "2700+10"]

1. e4 c6 2. d4 d5 3. e5 c5 4. c3 Bf5 5. Be3 Nc6 6. Nf3 Qc7 7. a3 e6 8. Be2
f6 9. exf6 Nxf6 10. dxc5 a5 11. O-O Ng4 12. Bd4 e5 13. Be3 e4 14. Nd4 Qxh2#
{White checkmated}
0-1